 Dungeon Crawl Stone Soup version 0.31-b1-20-g67cafac56d (webtiles) character file.

Game seed: 6794195204395549690

270 eliilek the Covered (level 6, -2/53 HPs)
             Began as a Minotaur Fighter on Jan 17, 2024.
             Slain by Duvessa
             ... wielding a +0 rapier
              (10 damage)
             ... on level 4 of the Dungeon.
             The game lasted 00:10:20 (3120 turns).

eliilek the Covered (Minotaur Fighter)              Turns: 3120, Time: 00:10:20

Health: -2/53      AC: 14    Str: 21    XL:     6   Next: 1%
Magic:  5/5        EV:  8    Int:  5    God:
Gold:   148        SH:  5    Dex: 11    Spells: 5/5 levels left

rFire   . . .        a - +0 flail
rCold   . . .        c - +0 buckler
rNeg    . . .        r - +0 chain mail
rPois   .            (helmet restricted)
rElec   .            (no cloak)
rCorr   .            (no gloves)
SInv    .            (no boots)
Will    .....        (no amulet) Stlth
                     f - +4 ring of protection
HPRegen 0.28/turn    (no ring)
MPRegen 0.09/turn

%: no passive effects
@: mighty
A: horns 2, retaliatory headbutt
a: no special abilities


You were on level 4 of the Dungeon.
You visited 1 branch of the dungeon, and saw 4 of its levels.

You collected 148 gold pieces.

Inventory:

Hand Weapons
 a - a +0 flail (weapon)
Missiles
 q - 6 poisoned darts (quivered)
Armour
 c - a +0 buckler (worn)
 r - a +0 chain mail (worn)
Jewellery
 f - a +4 ring of protection (left hand)
Wands
 t - a wand of flame (39)
Scrolls
 e - a scroll of noise {unknown}
 j - a scroll of teleportation {unknown}
 k - a scroll of revelation {unknown}
 l - 2 scrolls of immolation {unknown}
 m - 4 scrolls of identify {unknown}
 u - a scroll of amnesia {unknown}
Potions
 b - a potion of attraction {unknown}
 d - 2 potions of might
 g - a potion of enlightenment {unknown}
 h - a potion of heal wounds {unknown}
 i - a potion of degeneration {unknown}
 n - a potion of mutation {unknown}
 o - a potion of berserk rage {unknown}
 p - a potion of curing {unknown}
 s - a potion of haste {unknown}


   Skills:
 + Level 4.7 Fighting
 - Level 2.4 Maces & Flails
 * Level 5.8 Armour
 + Level 2.6 Dodging
 + Level 4.9 Shields


You had 5 spell levels left.
You didn't know any spells.
Your spell library contained the following spells:

 Spells                   Type           Power      Damage    Failure   Level
 Sting                    Conj/Alch      0%         1d3       99%         1
 Mercury Vapours          Alch/Air       0%         N/A       99%         2
 Hailstorm                Conj/Ice       0%         3d5       100%        3
 Summon Ice Beast         Ice/Summ       0%         N/A       100%        3
 Olgreb's Toxic Radiance  Alch           0%         N/A       100%        4
 Sculpt Simulacrum        Ice/Alch       0%         N/A       100%        6


Dungeon Overview and Level Annotations

Branches:
Dungeon (4/15)
 Temple: D:4-7

Altars:
Qazlal

Annotations:
D:4 Duvessa


Innate Abilities, Weirdness & Mutations

You have a pair of horns on your head.
You reflexively headbutt those who attack you in melee.


Message History

You hear a distant scream of rage.
You have reached level 6!
Duvessa, Sister of Dowan comes into view.
She is wielding a +0 rapier.
Duvessa shouts!
Duvessa goes berserk!
Duvessa moves out of view.
t - a wand of flame (39) (gained 20 charges)
Things that are here:
a +0 dagger; a +2 robe You hit Duvessa but do no damage.
Duvessa hits you but does no damage. Duvessa hits you with a +0 rapier.
You thump Duvessa!
Duvessa is lightly wounded.
Duvessa hits you with a +0 rapier. Duvessa hits you but does no damage.
You barely miss Duvessa.
Duvessa is lightly wounded.
Duvessa hits you with a +0 rapier. x2
You barely miss Duvessa.
Duvessa is lightly wounded.
Duvessa hits you but does no damage. Duvessa hits you with a +0 rapier!
You hit Duvessa. Your headbutt misses Duvessa.
Duvessa is moderately wounded.
You block Duvessa's attack. Duvessa barely misses you.
You barely miss Duvessa.
Duvessa is moderately wounded.
Duvessa hits you with a +0 rapier. x2
You feel very mighty all of a sudden. Duvessa hits you but does no damage.
You block Duvessa's attack.
You thump Duvessa!
Duvessa is heavily wounded.
Duvessa hits you with a +0 rapier! Duvessa hits you with a +0 rapier.
* * * LOW HITPOINT WARNING * * *
You barely miss Duvessa. You headbutt Duvessa.
Duvessa is severely wounded.
Duvessa hits you with a +0 rapier.
* * * LOW HITPOINT WARNING * * *
Duvessa hits you but does no damage.
You hit Duvessa but do no damage. You headbutt Duvessa!
Duvessa is almost dead.
Duvessa hits you with a +0 rapier!
You die...

#.. #.##...#...# #. #...
#.##.#...### # #..$###
#.##[##.######
.......#####.....>........
.................#########
........#######..#
#...###.# #(..# #..
###.######.#.# #
#.!.e@.....#.#
#.#.######.#.# #.#.. .....
# #..# #. ## .e.# #..#
#..# #.##


You could see Duvessa (berserk).

Vanquished Creatures
  Dowan (D:4)
  2 orc priests (D:3)
  Ijyb (D:4)
  3 gnolls (D:4)
  An adder (D:3)
  5 dart slugs
  4 orcs (D:3)
  9 bats
  5 endoplasms
  5 giant cockroaches
  6 goblins
  7 hobgoblins
  5 jackals (D:1)
  9 kobolds
  3 quokkas
  7 ball pythons
  2 frilled lizards (D:3)
  6 rats
81 creatures vanquished.

Notes
Turn   | Place    | Note
-------+----------+-------------------------------------------
     0 | D:1      | eliilek the Minotaur Fighter began the quest for the Orb.
     0 | D:1      | Reached XP level 1. HP: 19/19 MP: 0/0
   168 | D:1      | Reached XP level 2. HP: 27/27 MP: 1/1
   184 | D:1      | Reached skill level 4 in Armour
   352 | D:1      | Reached skill level 1 in Dodging
   575 | D:1      | Reached XP level 3. HP: 33/33 MP: 2/2
  1724 | D:2      | Reached XP level 4. HP: 40/40 MP: 3/3
  1980 | D:3      | Identified the +2 leather armour "Bugiw" {Str+5}
  2019 | D:3      | Found a stormy altar of Qazlal.
  2239 | D:3      | Reached skill level 5 in Armour
  2253 | D:3      | Reached XP level 5. HP: 4/47 MP: 4/4
  2859 | D:4      | Noticed Ijyb
  2883 | D:4      | Killed Ijyb
  3095 | D:4      | Noticed Dowan
  3105 | D:4      | Killed Dowan
  3106 | D:4      | Reached XP level 6. HP: 53/53 MP: 5/5
  3106 | D:4      | Noticed Duvessa
  3120 | D:4      | Slain by Duvessa

Illustrated notes

Levels and vault maps discovered:
D:1:      reono_arrival_mine, layout_basic
D:2:      layout_basic, minmay_misc_feat_room, grunt_ministairs_10
D:3:      layout_basic, mainiacjoe_overflow_chevrons
D:4:      layout_loops_ring, uniq_duvessa, uniq_ijyb

Skill      XL: |  1  2  3  4 |
---------------+-------------+-----
Armour         | 4 5 |  5.8
Dodging        | 1 2 |  2.6
Shields        | 4 |  4.9
Fighting       | 4 |  4.7
Maces & Flails | |  2.4

Action                     |  1- 3 |  4- 6 || total
---------------------------+-------+-------++-------
  Melee: Flail             |    90 |    92 ||   182
         Headbutt          |    11 |    10 ||    21
    Use: Potion            |       |     1 ||     1
 Armour: Scale mail        |    51 |    12 ||    63
         Leather armour    |       |    13 ||    13
         Chain mail        |       |    36 ||    36
  Dodge: Dodged            |    39 |    32 ||    71
  Block: Buckler           |    17 |    22 ||    39
